 Dungeon Crawl Stone Soup version 0.21-a0 (webtiles) character file.

2911 Kriby the Destroyer (level 9, -4/56 HPs)
             Began as an Octopode Wizard on May 20, 2017.
             Was a Priest of Sif Muna.
             Killed from afar by an electric eel (11 damage)
             ... with a bolt of electricity
             ... on level 8 of the Dungeon.
             The game lasted 00:23:32 (11872 turns).

Kriby the Destroyer (Octopode Wizard)              Turns: 11872, Time: 00:23:33

Health: -4/56      AC:  1    Str:  6    XL:     9   Next: 78%
Magic:  17/21      EV: 13    Int: 23    God:    Sif Muna [***...]
Gold:   274        SH:  0    Dex: 13    Spells: 14/25 levels left

rFire    + + .     SeeInvis +   y - +3 dagger (venom)
rCold    . . .     Gourm    +   (no shield)
rNeg     . . .     Faith    .   a - +0 hat
rPois    .         Spirit   .   m - amulet of the gourmand
rElec    .         Reflect  .   p - ring of protection from fire
rCorr    .         Harm     .   B - ring of see invisible
MR       ++...                  C - ring of protection from magic
Stlth    +++.......             I - +4 ring of dexterity
Regen    0.2/turn               J - ring of ice
MPRegen  0.2/turn               L - ring of fire
                                (no ring)
                                (no ring)

@: no status effects
A: almost no armour, stealthy swim, amphibious, 8 rings, constrict 8, camouflage
1, clumsy 1, fire resistance 1, magic resistance 1, robust 1, gelatinous body 1
a: Divine Energy, Channel Magic, Renounce Religion


You were on level 8 of the Dungeon.
You worshipped Sif Muna.
Sif Muna was most pleased with you.
You were completely stuffed.

You visited 1 branch of the dungeon, and saw 8 of its levels.

You collected 274 gold pieces.

Inventory:

Hand Weapons
 y - a +3 dagger of venom (weapon)
Missiles
 l - 7 tomahawks (quivered)
Armour
 a - a +0 hat (worn)
Jewellery
 m - an amulet of the gourmand (around mantle)
 p - a ring of protection from fire (left tentacle)
 B - a ring of see invisible (right tentacle)
 C - a ring of protection from magic (on tentacle)
 I - a +4 ring of dexterity (on tentacle)
 J - a ring of ice (on tentacle)
 L - a ring of fire (on tentacle)
Wands
 q - a wand of polymorph (14/24)
 E - a wand of iceblast (6/15)
Scrolls
 d - a scroll of recharging {unknown}
 e - 3 scrolls of fog {unknown}
 f - 2 scrolls of remove curse
 h - 2 scrolls of enchant weapon
 j - 2 scrolls of immolation
 k - a scroll of noise {unknown}
 n - 3 scrolls of identify {unknown}
 o - 2 scrolls of blinking {unknown}
 r - 2 scrolls of enchant armour {unknown}
 D - 2 scrolls of teleportation {unknown}
Potions
 t - 2 potions of ambrosia {unknown}
 u - 3 potions of haste {unknown}
 v - a potion of heal wounds {unknown}
 w - a potion of brilliance {unknown}
 x - a potion of magic {unknown}
 z - 2 potions of curing {unknown}
 A - a potion of degeneration {unknown}
 G - a potion of might {unknown}
 K - a potion of berserk rage {unknown}
 M - a potion of cancellation {unknown}
 N - a potion of flight {unknown}
Books
 b - a book of Minor Magic

   Spells                             Type                      Level
   a - Magic Dart                     Conjuration                  1
   b - Blink                          Translocation                2
   c - Call Imp                       Summoning                    2
   d - Slow                           Hexes                        2
   e - Conjure Flame                  Conjuration/Fire             3
   f - Mephitic Cloud                 Conjuration/Poison/Air       3
 g - Sif Muna's Tome of Stones
   (You found it on level 4 of the Dungeon)

   Spells                             Type                      Level
   a - Sandblast                      Earth                        1
 F - a book of Changes

   Spells                             Type                      Level
   a - Beastly Appendage              Transmutation                1
   b - Sticks to Snakes               Transmutation                2
   c - Spider Form                    Transmutation/Poison         3
   d - Ice Form                       Ice/Transmutation            4
   e - Blade Hands                    Transmutation                5
Comestibles
 c - 9 bread rations
 i - 4 meat rations
 s - 5 royal jellies
 H - a fruit


   Skills:
 - Level 2.0 Dodging
 - Level 2.6 Stealth
 + Level 8.8 Spellcasting
 - Level 9.7 Conjurations
 - Level 1.0 Summonings
 - Level 1.0 Translocations


You had 14 spell levels left.
You knew the following spells:

 Your Spells              Type           Power        Failure   Level  Hunger
a - Magic Dart            Conj           ####         1%          1    None
b - Conjure Flame         Conj/Fire      #####...     2%          3    None
c - Call Imp              Summ           ##......     6%          2    None
g - Mephitic Cloud        Conj/Pois/Air  ####....     4%          3    None
T - Blink                 Tloc           N/A          6%          2    None


Dungeon Overview and Level Annotations

Branches:
Dungeon (8/15)             Temple (0/1) D:5
   Lair: D:8-11

Altars:
Dithmenos
Elyvilon
Kikubaaqudgha
Makhleb
Nemelex Xobeh
Sif Muna
Trog
Xom
Zin


Innate Abilities, Weirdness & Mutations

You cannot wear most types of armour.
You are very stealthy in the water. (Stealth+)
You are amphibious.
You can wear up to eight rings at the same time.
You can use your tentacles to constrict eight enemies at once.
Your skin changes colour to match your surroundings (Stealth+).
Your rubbery body absorbs attacks. (AC +1, EV +1)
You are clumsy. (Dex -2)
Your flesh is heat resistant. (rF+)
You are resistant to hostile enchantments. (MR+)
You are robust. (+10% HP)


Message History

The electric eel shoots out a bolt of lightning at you!
The bolt of electricity hits you!
Casting: Magic Dart
Confirm with . or Enter, or press ? or * to list all spells.
Aiming: Magic Dart
Press: ? - help, Shift-Dir - straight line, f/p - electric eel
Aim: an electric eel (lightly wounded)
The magic dart hits the electric eel.
The electric eel is moderately wounded.
The electric eel shoots out a bolt of lightning at you!
The bolt of electricity hits you!
The orc falls into the water!
The orc drowns.
Sif Muna accepts your kill.
The electric eel shoots out a bolt of lightning at you!
The bolt of electricity hits the plant.
The bolt of electricity hits you!
* * * LOW HITPOINT WARNING * * *
The electric eel shoots out a bolt of lightning at you!
The bolt of electricity hits the plant.
The bolt of electricity hits you!
You die...

.. #......#####)...
..... #.............#
≈PP≈P##.......).....#
PP≈PPP.%............#
P≈≈≈P≈.....)........#
≈≈≈♣≈P.......)......#
♣≈≈≈P.............#
♣≈≈≈P......<......#
P♣♣≈...@..........#
≈PPPP♣≈P#######+##+##


PPP≈P;♣PP .P.#≈≈≈P.. #.≈≈≈PP. #..≈♣P≈.. #.≈P PPP.# #.PP PPP.+ You could see an
electric eel.

Vanquished Creatures
  2 hippogriffs
  Eustachio (D:6)
  Menkaure (D:4)
  A hungry ghost (D:7)
  Duvessa (D:4)
  An ice beast (D:6)
  A sky beast (D:6)
  2 phantoms
  A centaur (D:7)
  A big kobold (D:7)
  3 bullfrogs
  2 scorpions
  A howler monkey (D:6)
  5 crimson imps
  A hound (D:2)
  5 orc priests
  7 orc wizards
  3 iguanas (D:5)
  Terence (D:2)
  4 worker ants
  A hound skeleton (D:5)
  A worker ant zombie (D:7)
  Robin (D:2)
  4 gnolls
  11 adders
  2 oozes
  An adder skeleton (D:6)
  2 worms
  A dart slug (D:2)
  4 leopard geckos
  24 orcs
  9 bats
  4 giant cockroaches
  18 goblins
  10 hobgoblins
  9 jackals
  31 kobolds
  11 quokkas
  4 frilled lizards
  A jackal skeleton (D:4)
  A leopard gecko skeleton (D:7)
  4 rats
  A plant (D:8)
199 creatures vanquished.

Vanquished Creatures (collateral kills)
  A black bear (D:6)
  An ogre (D:7)
  A centaur (D:8)
  Dowan (D:4)
  2 scorpions
  A hound (D:7)
  A worker ant (D:4)
  2 gnolls (D:3)
  A leopard gecko (D:6)
  An orc (D:3)
  2 goblins (D:3)
  A quokka (D:4)
  A rat (D:3)
16 creatures vanquished.

Vanquished Creatures (others)
  A plant (D:7)
1 creature vanquished.

Grand Total: 216 creatures vanquished

Notes
Turn   | Place    | Note
-------+----------+-------------------------------------------
     0 | D:1      | Kriby the Octopode Wizard began the quest for the Orb.
     0 | D:1      | Reached XP level 1. HP: 11/11 MP: 4/4
   187 | D:1      | Reached XP level 2. HP: 17/17 MP: 4/6
   376 | D:1      | Reached skill level 2 in Conjurations
  1299 | D:1      | Reached XP level 3. HP: 17/21 MP: 1/7
  1370 | D:1      | Learned a level 2 spell: Blink
  1373 | D:1      | Learned a level 2 spell: Call Imp
  1377 | D:1      | Learned a level 3 spell: Mephitic Cloud
  1480 | D:1      | Gained mutation: Potions are less effective at restoring your health. [potion of mutation]
  1480 | D:1      | Gained mutation: You possess an exceptional clarity of mind. [potion of mutation]
  1860 | D:1      | Lost mutation: Potions are less effective at restoring your health. [potion of mutation]
  1860 | D:1      | Lost mutation: You possess an exceptional clarity of mind. [potion of mutation]
  1860 | D:1      | Gained mutation: You are robust. (+10% HP) [potion of mutation]
  1860 | D:1      | Gained mutation: You are resistant to hostile enchantments. (MR+) [potion of mutation]
  1860 | D:1      | Gained mutation: You are clumsy. (Dex -2) [potion of mutation]
  1860 | D:1      | Gained mutation: Your flesh is heat resistant. (rF+) [potion of mutation]
  1881 | D:2      | Reached skill level 3 in Conjurations
  1882 | D:2      | Reached XP level 4. HP: 12/29 MP: 1/9
  2359 | D:2      | Noticed Robin
  2393 | D:2      | Killed Robin
  2623 | D:2      | Reached XP level 5. HP: 34/34 MP: 5/10
  2718 | D:2      | Reached skill level 4 in Conjurations
  2825 | D:2      | Found an ancient bone altar of Kikubaaqudgha.
  2856 | D:2      | Found a shadowy altar of Dithmenos.
  2860 | D:2      | Noticed Terence
  2877 | D:2      | Killed Terence
  3247 | D:2      | Found a burning altar of Makhleb.
  3375 | D:3      | Reached XP level 6. HP: 39/39 MP: 3/12
  3550 | D:3      | Reached skill level 5 in Conjurations
  4109 | D:3      | Found a bloodstained altar of Trog.
  4401 | D:3      | Found a white marble altar of Elyvilon.
  5161 | D:4      | Found a deep blue altar of Sif Muna.
  5179 | D:4      | Reached XP level 7. HP: 45/45 MP: 9/14
  5190 | D:4      | Identified Sif Muna's Tome of Stones
  5198 | D:4      | Became a worshipper of Sif Muna the Loreminder
  5267 | D:4      | Reached skill level 6 in Conjurations
  5272 | D:4      | Learned a level 3 spell: Conjure Flame
  5305 | D:4      | Noticed Duvessa
  5615 | D:4      | Noticed Dowan
  5624 | D:4      | Killed Dowan
  5763 | D:4      | Noticed Menkaure
  5773 | D:4      | Killed Menkaure
  5773 | D:4      | Reached skill level 5 in Spellcasting
  6031 | D:4      | Killed Duvessa
  6073 | D:4      | Reached skill level 7 in Conjurations
  6507 | D:4      | Reached XP level 8. HP: 50/50 MP: 10/16
  6651 | D:5      | Entered Level 5 of the Dungeon
  6688 | D:5      | Reached * piety under Sif Muna
  7308 | D:5      | Reached skill level 8 in Conjurations
  7636 | D:5      | Noticed an angel
  7639 | D:5      | Found a shimmering altar of Xom.
  7639 | D:5      | Found a glowing silver altar of Zin.
  8063 | D:5      | Found a staircase to the Ecumenical Temple.
  8884 | D:6      | Noticed Eustachio
  8932 | D:6      | Reached skill level 9 in Conjurations
  8933 | D:6      | Reached ** piety under Sif Muna
  8950 | D:6      | Killed Eustachio
  8950 | D:6      | Reached XP level 9. HP: 24/56 MP: 2/18
 10989 | D:7      | Reached *** piety under Sif Muna
 11383 | D:8      | Found a sparkling altar of Nemelex Xobeh.
 11872 | D:8      | Killed from afar by an electric eel

Vault maps used:
D:1:      ncdulo_halloftheorcs, serial_co_window_serial, co_window_cross_1,
          co_window_paths_b, co_window_paths_b, co_window_paths_a,
          co_window_paths_a, co_window_of_opportunity_c, co_window_cross_2,
          co_window_corner_cb, co_window_corner_b, co_window_unsneaky_path_c,
          co_window_unsneaky_path_c, co_window_cross_3, glass_columns_a,
          glass_columns_c
D:2:      nicolae_dithmenos_through_a_glass_darkly, lemuel_doored_altar,
          makhleb_heckhound_becter, item_on_display_a, uniq_terence, uniq_robin
D:3:      elyvilon_altar_1, lightli_temple_of_fire
D:4:      led_sif_book, uniq_menkaure, uniq_duvessa
D:5:      grunt_temple_overflow_order_and_chaos_1, temple_hall, first_bread
D:6:      uniq_eustachio
D:7:      kennysheep_kobold_camp, st_stairs_5, kennysheep_generic_room_15
D:8:      nemelex_xobeh_ov_fountains_minmay, kennysheep_mini, grunt_livestock,
          serial_bayou_lagoon_a, uniq_pikel

Skill      XL: |  1  2  3  4  5  6  7  8  9 |
---------------+----------------------------+-----
Conjurations   | 2 3 4 5 7 9 |  9.7
Spellcasting   | 4 5 6 8 |  8.8
Dodging        | |  2.0
Stealth        | |  2.6
Summonings     | |  1.0
Translocations | |  1.0

Action                   |  1- 3 |  4- 6 |  7- 9 || total
-------------------------+-------+-------+-------++-------
Melee: Dagger            |    21 |    39 |    96 ||   156
       Constrict         |     7 |    13 |    16 ||    36
       Tentacles         |     3 |     8 |    16 ||    27
       Unarmed           |       |     3 |       ||     3
 Cast: Magic Dart        |    43 |   143 |   307 ||   493
       Mephitic Cloud    |     4 |     6 |    17 ||    27
       Blink             |     1 |       |     3 ||     4
       Call Imp          |       |    14 |    50 ||    64
       Conjure Flame     |       |       |     5 ||     5
  Use: Potion            |     2 |       |       ||     2
       Scroll            |       |       |     3 ||     3
 Stab: Sleeping          |     1 |     1 |       ||     2
       Confused          |       |     2 |     1 ||     3
  Eat: Chunk             |     3 |    13 |    37 ||    53
       Fruit             |       |       |     3 ||     3
Armor: Skin              |       |     4 |    10 ||    14
Dodge: Dodged            |    14 |    44 |    68 ||   126
